 Dungeon Crawl Stone Soup version 0.31-a0-358-gac0dbeb3ab (webtiles) character file.

Game seed: 16208860677133010543

112 hashsling the Twirler (level 4, -10/38 HPs)
             Began as a Draconian Gladiator on July 25, 2023.
             Killed from afar by Natasha (14 damage)
             ... with a puff of flame
             ... on level 2 of the Dungeon.
             The game lasted 00:03:34 (1009 turns).

hashsling the Twirler (Draconian Gladiator)         Turns: 1009, Time: 00:03:34

Health: -10/38     AC:  5    Str: 16    XL:     4   Next: 63%
Magic:  4/4        EV: 13    Int:  8    God:
Gold:   29         SH:  0    Dex: 15    Spells: 3/3 levels left

rFire   . . .        a - +0 quarterstaff
rCold   . . .        (shield currently unavailable)
rNeg    . . .        (body armour unavailable)
rPois   .            b - +0 hat
rElec   .            (no cloak)
rCorr   .            (no gloves)
SInv    .            (no boots)
Will    .....        (no amulet)
Stlth   +            (no ring)
HPRegen 0.26/turn    (no ring)
MPRegen 0.09/turn

%: no passive effects
@: no status effects
A: AC +5, unfitting armour, cold-blooded
a: no special abilities


You were on level 2 of the Dungeon.
You visited 1 branch of the dungeon, and saw 2 of its levels.

You collected 29 gold pieces.

Inventory:

Hand Weapons
 a - a +0 quarterstaff (weapon)
Missiles
 c - 3 throwing nets
 d - a javelin (quivered)
Armour
 b - a +0 hat (worn)
Scrolls
 e - a scroll of silence {unknown}
 i - a scroll of blinking {unknown}
 j - a scroll of vulnerability {unknown}
 k - a scroll of identify {unknown}
Potions
 f - a potion of curing {unknown}
 g - a potion of lignification {unknown}
 h - 2 potions of haste {unknown}


   Skills:
 + Level 3.3 Fighting
 * Level 4.5 Staves
 - Level 2.0 Throwing
 - Level 3.0 Dodging


You had 3 spell levels left.
You didn't know any spells.
Your spell library contained the following spells:

 Spells                   Type           Power      Damage    Failure   Level
 Frozen Ramparts          Ice            0%         1d1       78%         3
 Petrify                  Tmut/Erth      0%         N/A       99%         4
 Metabolic Englaciation   Hex/Ice        0%         N/A       100%        5


Dungeon Overview and Level Annotations

Branches:
Dungeon (2/15)

Altars:

Annotations:
D:2 Natasha


Innate Abilities, Weirdness & Mutations

Your plain brown scales are hard. (AC +5)
You cannot fit into any form of body armour.
You are cold-blooded and may be slowed by cold attacks.


Message History

You barely miss Natasha.
Natasha hisses.
Natasha barely misses you.
The cerulean imp hits you from afar with a +0 spear.
The cerulean imp hits you from afar with a +2 spear.
You hit Natasha.
Your tail-slap misses Natasha.
Natasha is heavily wounded.
Natasha wildly gestures.
Natasha's front paws start to glow.
Natasha zaps a wand.
The puff of flame hits you! The cerulean imp misses you.
The cerulean imp barely misses you.
You hit Natasha.
Natasha is heavily wounded.
Natasha zaps a wand.
The puff of flame hits you. The cerulean imp closely misses you.
The cerulean imp misses you.
You hit Natasha.
Natasha is almost dead.
Natasha claws you.
The cerulean imp hits you from afar with a +0 spear.
The cerulean imp closely misses you.
You completely miss Natasha.
Natasha is almost dead.
The cerulean imp disappears in a puff of smoke!
Natasha claws you!
* * * LOW HITPOINT WARNING * * *
The cerulean imp hits you from afar with a +0 spear.
* * * LOW HITPOINT WARNING * * *
You hit Natasha.
Natasha is almost dead.
The cerulean imp disappears in a puff of smoke!
Natasha claws you but does no damage.
You closely miss Natasha.
Natasha is almost dead.
Natasha claws you.
* * * LOW HITPOINT WARNING * * *
You closely miss Natasha.
You tail-slap Natasha, but do no damage.
Natasha is almost dead.
Natasha zaps a wand.
The puff of flame hits you!
You die...

#........#.## #...#
#..........# #...#
#######.........## #...#
#..............### #...##
#####.........##.....####...#.
.............>......... ......
..............##.....########.
....(.......#h##.....# #...##.
......5.5...#@##.....###...###
......#######.##...)........#
...... ######.##............#
..... #........####........##
..... #........# #####...##.
.... #.)......# #...##. ....
#).......# #...##. #........#
#...... #........# #......


You could see Natasha.

Vanquished Creatures
  Natasha (twice) (D:2)
  2 adders (D:2)
  2 dart slugs
  3 ball pythons
  2 bats
  6 endoplasms
  5 giant cockroaches (D:1)
  3 hobgoblins
  A quokka (D:2)
  3 frilled lizards
  A goblin (D:1)
  5 kobolds
  7 rats
42 creatures vanquished.

Notes
Turn   | Place    | Note
-------+----------+-------------------------------------------
     0 | D:1      | hashsling the Draconian Gladiator began the quest for the
                  | Orb.
     0 | D:1      | Reached XP level 1. HP: 17/17 MP: 1/1
   175 | D:1      | Reached XP level 2. HP: 25/25 MP: 2/2
   543 | D:1      | Reached XP level 3. HP: 29/30 MP: 3/3
   870 | D:2      | Reached skill level 4 in Staves
   875 | D:2      | Noticed Natasha
   890 | D:2      | Killed Natasha
   891 | D:2      | Reached XP level 4. HP: 17/38 MP: 4/4
   971 | D:2      | Noticed Natasha
   977 | D:2      | Killed Natasha
   989 | D:2      | Noticed Natasha
  1009 | D:2      | Killed from afar by Natasha

Illustrated notes

Levels and vault maps discovered:
D:1:      lightli_arrival_statuegarden, layout_basic
D:2:      layout_basic, uniq_natasha

Skill      XL: |  1  2  3 |
---------------+----------+-----
Throwing       | 2 |  2.0
Dodging        | 3 |  3.0
Staves         | 4 |  4.5
Fighting       | 3 |  3.3

Action                     |  1- 3 |  4- 6 || total
---------------------------+-------+-------++-------
  Melee: Quarterstaff      |    99 |    15 ||   114
         Tailslap          |    11 |     1 ||    12
   Stab: Sleeping          |     2 |       ||     2
         Distracted        |       |     1 ||     1
 Armour: Skin              |    29 |     6 ||    35
  Dodge: Dodged            |    74 |    17 ||    91

Table legend: (Time is in decaauts)
 A = Elapsed time spent in this place.
 B = Non-inter-level travel time spent in this place.
 C = Inter-level travel time spent in this place.
 D = Time resting spent in this place.
 E = Time spent auto-exploring this place.
 F = Levels seen in this place.
 G = Mean time per level.
                   A        B        C        D        E       F      G
               +--------+--------+--------+--------+--------+-----+--------+
         Total |   1038 |   1026 |     12 |      0 |    742 |   2 |  519.0 |
       Dungeon |   1038 |   1026 |     12 |      0 |    742 |   2 |  519.0 |
               +--------+--------+--------+--------+--------+-----+--------+

Top non-repeatable levels by time:
     D:1: 676 daAuts
     D:2: 362 daAuts
